MLB
SAN DIEGO PADRES @ CHICAGO CUBS
09/25/2044
 
TOP OF THE 1ST
San Diego Padres batting - Pitching for Chicago Cubs : RHP Nate Jackson
Pitching: RHP Nate Jackson
Batting: LHB Kevin Bellman 0-0: Ball
1-0: Ball
2-0: Ball
3-0: Base on Balls
Batting: LHB Per Meulengracht 0-0: Ball
1-0: Ball
2-0: Ground out 6-3 (Groundball, P, EV 91.2 MPH)
Kevin Bellman to second
Batting: LHB Mike Holt 0-0: Ball
1-0: Foul Ball, location: 2F
1-1: Foul Ball, location: 2F
1-2: Ball
2-2: Foul Ball, location: 2F
2-2: SINGLE (Line Drive, 8RS, EV 102.5 MPH)
Kevin Bellman to third
Runner from 3rd tries for Home, SAFE, throw by CF to home
Batting: RHB Cesar Breceda 0-0: Called Strike
0-1: Foul Ball, location: 2F
0-2: Ball
1-2: Foul Ball, location: 2F
1-2: Ball
2-2: Foul Ball, location: 2F
2-2: Foul Ball, location: 2F
2-2: Fly out, F9 (Flyball, 89S, EV 85.0 MPH)
Batting: RHB Chiel Palstermans 0-0: Foul Ball, location: 2F
0-1: Ball
1-1: Ball
2-1: Ball
3-1: DOUBLE (Line Drive, 89D, EV 114.4 MPH)
Mike Holt to third
Runner from 3rd tries for Home, SAFE, throw by CF to home
Batting: LHB Andy Bowman 0-0: Ball
1-0: Foul Ball, location: 2F
1-1: Ball
2-1: Foul Ball, location: 2F
2-2: Ball
3-2: Foul Ball, location: 2F
3-2: Foul Ball, location: 2F
3-2: Strikes out swinging
Top of the 1st over - 2 runs, 2 hits, 0 errors, 1 left on base; San Diego 2 - Chicago 0
BOTTOM OF THE 1ST
Chicago Cubs batting - Pitching for San Diego Padres : LHP Matt Wheeler
Pitching: LHP Matt Wheeler
Batting: RHB Yasuhide Kasahara 0-0: Ball
1-0: Ball
2-0: Ball
3-0: Called Strike
3-1: Ground out 4-3 (Groundball, 4, EV 102.5 MPH)
Batting: RHB Josh Kalman 0-0: Called Strike
0-1: Ball
1-1: Swinging Strike
1-2: Strikes out swinging
Batting: RHB Efrain Vargas 0-0: Foul Ball, location: 2F
0-1: Foul Ball, location: 2F
0-2: SINGLE (Line Drive, 56, EV 97.5 MPH)
Batting: SHB Terry Tuckfard 0-0: Ball
1-0: Foul Ball, location: 2F
1-1: Ground out U3 (Groundball, 3S, EV 85.0 MPH)
Bottom of the 1st over - 0 runs, 1 hit, 0 errors, 1 left on base; San Diego 2 - Chicago 0
TOP OF THE 2ND
San Diego Padres batting - Pitching for Chicago Cubs : RHP Nate Jackson
Batting: RHB Alois Wollf 0-0: Called Strike
0-1: Ball
1-1: Ground out 4-3 (Groundball, 6MD, EV 82.5 MPH)
Batting: RHB Alberto Cotto 0-0: Fly out, F8 (Line Drive, 8RD, EV 96.2 MPH)
Batting: LHB Chris Moody 0-0: Called Strike
0-1: Ball
1-1: Ball
2-1: Fly out, F9 (Flyball, 9LS, EV 87.5 MPH)
Top of the 2nd over - 0 runs, 0 hits, 0 errors, 0 left on base; San Diego 2 - Chicago 0
BOTTOM OF THE 2ND
Chicago Cubs batting - Pitching for San Diego Padres : LHP Matt Wheeler
Batting: LHB Kevin Norton 0-0: Called Strike
0-1: Swinging Strike
0-2: Strikes out swinging
Batting: RHB Elijah Campbell 0-0: Ball
1-0: Foul Ball, location: 2F
1-1: Foul Ball, location: 2F
1-2: Ball
2-2: Strikes out looking
Batting: RHB Will Leslie 0-0: Called Strike
0-1: Ball
1-1: Swinging Strike
1-2: Strikes out swinging
Bottom of the 2nd over - 0 runs, 0 hits, 0 errors, 0 left on base; San Diego 2 - Chicago 0
TOP OF THE 3RD
San Diego Padres batting - Pitching for Chicago Cubs : RHP Nate Jackson
Batting: LHB Kevin Bellman 0-0: Called Strike
0-1: Foul Ball, location: 2F
0-2: Strikes out swinging
Batting: LHB Per Meulengracht 0-0: Ball
1-0: Ball
2-0: Ball
3-0: Called Strike
3-1: Base on Balls
Batting: LHB Mike Holt 0-0: Ball
1-0: Ball
2-0: Foul Ball, location: 2F
2-1: Ball
3-1: Called Strike
3-2: Base on Balls
Per Meulengracht to second
Batting: RHB Cesar Breceda 0-0: Swinging Strike
0-1: Ball
1-1: Foul Ball, location: 2F
1-2: Ball
2-2: Strikes out looking
Batting: RHB Chiel Palstermans 0-0: Ball
1-0: Foul Ball, location: 2F
1-1: Ball
2-1: Ball
3-1: Swinging Strike
3-2: Fly out, F8 (Line Drive, 8LM, EV 88.1 MPH)
Top of the 3rd over - 0 runs, 0 hits, 0 errors, 2 left on base; San Diego 2 - Chicago 0
BOTTOM OF THE 3RD
Chicago Cubs batting - Pitching for San Diego Padres : LHP Matt Wheeler
Batting: RHB Adam O'Hare 0-0: Ball
1-0: Called Strike
1-1: Called Strike
1-2: Ball
2-2: Strikes out swinging
Batting: SHB Art Kent 0-0: Called Strike
0-1: Called Strike
0-2: Ball
1-2: Foul Ball, location: 2F
1-2: Foul Ball, location: 2F
1-2: Ball
2-2: Foul Ball, location: 2F
2-2: Strikes out looking
Batting: RHB Yasuhide Kasahara 0-0: Called Strike
0-1: Ground out 4-3 (Groundball, 4S, EV 81.2 MPH)
Bottom of the 3rd over - 0 runs, 0 hits, 0 errors, 0 left on base; San Diego 2 - Chicago 0
TOP OF THE 4TH
San Diego Padres batting - Pitching for Chicago Cubs : RHP Nate Jackson
Batting: LHB Andy Bowman 0-0: Foul Ball, location: 2F
0-1: Called Strike
0-2: Reached on error, E1 (Groundball, 25, EV 66.9 MPH)
Batting: RHB Alois Wollf 0-0: Foul Ball, location: 2F
0-1: Swinging Strike
0-2: Ball
1-2: Ground out 6-3 (Groundball, 56D, EV 86.9 MPH)
Batting: RHB Alberto Cotto 0-0: Called Strike
Andy Bowman steals 3rd base
0-1: Foul Ball, location: 2F
0-2: Ball
1-2: Ball
2-2: Foul Ball, location: 2F
2-2: Ball
3-2: Ground out 5-3 (Groundball, 5L, EV 93.1 MPH)
Batting: LHB Chris Moody 0-0: Foul Ball, location: 2F
0-1: Ball
1-1: Ball
2-1: Ball
3-1: Base on Balls
Batting: LHB Kevin Bellman 0-0: Ball
1-0: Ball
2-0: Ball
3-0: Base on Balls
Chris Moody to second
Batting: LHB Per Meulengracht 0-0: Ball
1-0: Ball
2-0: Swinging Strike
2-1: Swinging Strike
2-2: Ball
3-2: Foul Ball, location: 2F
3-2: Strikes out swinging
Top of the 4th over - 0 runs, 0 hits, 1 error, 3 left on base; San Diego 2 - Chicago 0
BOTTOM OF THE 4TH
Chicago Cubs batting - Pitching for San Diego Padres : LHP Matt Wheeler
Batting: RHB Josh Kalman 0-0: Called Strike
0-1: DOUBLE (Flyball, 78XD, EV 97.5 MPH)
Batting: RHB Efrain Vargas 0-0: Called Strike
0-1: Foul Ball, location: 2F
0-2: Foul Ball, location: 2F
0-2: Ball
1-2: 2-RUN HOME RUN (Flyball, 9D, EV 103.1 MPH), Distance : 397 ft
Batting: SHB Terry Tuckfard 0-0: Ball
1-0: Ground out 5-3 (Groundball, 5S, EV 62.5 MPH)
Batting: LHB Kevin Norton 0-0: Foul Ball, location: 2F
0-1: Ball
1-1: Ball
2-1: Ball
3-1: Foul Ball, location: 2F
3-2: Fly out, F4 (Popup, 23, EV 92.5 MPH)
Batting: RHB Elijah Campbell 0-0: Ball
1-0: Foul Ball, location: 2F
1-1: Foul Ball, location: 2F
1-2: Ball
2-2: Strikes out swinging
Bottom of the 4th over - 2 runs, 2 hits, 0 errors, 0 left on base; San Diego 2 - Chicago 2
TOP OF THE 5TH
San Diego Padres batting - Pitching for Chicago Cubs : RHP Nate Jackson
Batting: LHB Mike Holt 0-0: SINGLE (Line Drive, 9S, EV 103.1 MPH)
Batting: RHB Cesar Breceda 0-0: Ball
1-0: Fly out, F8 (Flyball, 8LS, EV 85.6 MPH)
Batting: RHB Chiel Palstermans 0-0: Ball
1-0: Foul Ball, location: 2F
1-1: Foul Ball, location: 2F
1-2: Ball
2-2: Ball
3-2: Foul Ball, location: 2F
3-2: SINGLE (Groundball, 6MD, EV 106.2 MPH)
Mike Holt to second
Batting: LHB Andy Bowman 0-0: Called Strike
0-1: Ball
1-1: Grounds into double play, 4-6-3 (Groundball, 4, EV 100.6 MPH)
Top of the 5th over - 0 runs, 2 hits, 0 errors, 1 left on base; San Diego 2 - Chicago 2
BOTTOM OF THE 5TH
Chicago Cubs batting - Pitching for San Diego Padres : LHP Matt Wheeler
Batting: RHB Will Leslie 0-0: Ball
1-0: Swinging Strike
1-1: Ball
2-1: Foul Ball, location: 2F
2-2: Foul Ball, location: 2F
2-2: Fly out, F8 (Flyball, 78XD, EV 105.0 MPH)
Batting: RHB Adam O'Hare 0-0: Ball
1-0: Ball
2-0: Ground out U3 (Groundball, 34S, EV 74.4 MPH)
Batting: SHB Art Kent 0-0: Foul Ball, location: 2F
0-1: Swinging Strike
0-2: Ball
1-2: Strikes out swinging
Bottom of the 5th over - 0 runs, 0 hits, 0 errors, 0 left on base; San Diego 2 - Chicago 2
TOP OF THE 6TH
San Diego Padres batting - Pitching for Chicago Cubs : RHP Nate Jackson
Pitching: RHP Tony Ramirez
Batting: RHB Alois Wollf 0-0: Ball
1-0: Swinging Strike
1-1: Ball
2-1: Foul Ball, location: 2F
2-2: Foul Ball, location: 2F
2-2: Foul Ball, location: 2F
2-2: Strikes out looking
Pinch Hitting: LHB Xavier Pittman 0-0: Ground out 4-3 (Groundball, 4, EV 81.2 MPH)
Batting: LHB Chris Moody 0-0: Ball
1-0: Ground out 1-3 (Groundball, 13S, EV 70.0 MPH)
Top of the 6th over - 0 runs, 0 hits, 0 errors, 0 left on base; San Diego 2 - Chicago 2
BOTTOM OF THE 6TH
Chicago Cubs batting - Pitching for San Diego Padres : LHP Matt Wheeler
Now at 1B: Bobby Ayala
Batting: RHB Yasuhide Kasahara 0-0: Ball
1-0: Fly out, F4 (Popup, 34S, EV 78.8 MPH)
Batting: RHB Josh Kalman 0-0: Called Strike
0-1: Foul Ball, location: 2F
0-2: Strikes out swinging
Batting: RHB Efrain Vargas 0-0: Ball
1-0: Foul Ball, location: 2F
1-1: Ball
2-1: Foul Ball, location: 2F
2-2: Ball
3-2: Base on Balls
Batting: SHB Terry Tuckfard 0-0: Called Strike
0-1: Ball
1-1: Ball
2-1: Ball
3-1: Ground out 1-3 (Groundball, 15S, EV 61.9 MPH)
Bottom of the 6th over - 0 runs, 0 hits, 0 errors, 1 left on base; San Diego 2 - Chicago 2
TOP OF THE 7TH
San Diego Padres batting - Pitching for Chicago Cubs : RHP Tony Ramirez
Batting: LHB Kevin Bellman 0-0: Ball
1-0: Called Strike
1-1: Called Strike
1-2: Ball
2-2: Ball
3-2: Strikes out swinging
Batting: LHB Per Meulengracht 0-0: Ball
1-0: Called Strike
1-1: Foul Ball, location: 2F
1-2: SINGLE (Groundball, 4MD, EV 100.0 MPH)
Batting: LHB Mike Holt 0-0: Ball
1-0: Ball
2-0: Swinging Strike
2-1: Called Strike
2-2: Foul Ball, location: 2F
2-2: Foul Ball, location: 2F
2-2: Ball
3-2: Base on Balls
Per Meulengracht to second
Batting: RHB Cesar Breceda 0-0: Ball
1-0: Swinging Strike
1-1: Reached on error, E6 (Groundball, 56, EV 110.6 MPH)
Per Meulengracht to third
Mike Holt to second
Pitching: RHP Yeong-kil Suck
Pinch Hitting: SHB Jerry Luckwell 0-0: Ball
1-0: Called Strike
1-1: Foul Ball, location: 2F
1-2: Ball
2-2: Strikes out swinging
Batting: LHB Andy Bowman 0-0: Ball
1-0: Foul Ball, location: 2F
1-1: DOUBLE (Line Drive, 7LS, EV 113.8 MPH)
Per Meulengracht scores
Mike Holt scores
Cesar Breceda to third
Runner from 3rd tries for Home, throw by LF and OUT! 7-6-2
Top of the 7th over - 2 runs, 2 hits, 1 error, 1 left on base; San Diego 4 - Chicago 2
BOTTOM OF THE 7TH
Chicago Cubs batting - Pitching for San Diego Padres : LHP Matt Wheeler
Now at SS: Jerry Luckwell
Batting: LHB Kevin Norton 0-0: Fly out, F8 (Line Drive, 8RD, EV 95.6 MPH)
Batting: RHB Elijah Campbell 0-0: Ball
1-0: Foul Ball, location: 2F
1-1: Ball
2-1: Ball
3-1: Base on Balls
Pitching: RHP Raul Almonte
Batting: RHB Will Leslie 0-0: Foul Ball, location: 2F
0-1: Ball
1-1: Ball
2-1: Called Strike
2-2: Fly out, F6 (Popup, 15S, EV 83.1 MPH)
Batting: RHB Adam O'Hare 0-0: Ball
1-0: Foul Ball, location: 2F
1-1: Foul Ball, location: 2F
1-2: Ball
Elijah Campbell is caught stealing 2nd base 2-4
Bottom of the 7th over - 0 runs, 0 hits, 0 errors, 0 left on base; San Diego 4 - Chicago 2
TOP OF THE 8TH
San Diego Padres batting - Pitching for Chicago Cubs : RHP Yeong-kil Suck
Batting: RHB Alois Wollf 0-0: Ground out 6-3 (Groundball, 6M, EV 91.2 MPH)
Batting: RHB Bobby Ayala 0-0: Ball
1-0: Called Strike
1-1: Ball
2-1: Ball
3-1: Base on Balls
Batting: LHB Chris Moody 0-0: Ball
1-0: Ball
2-0: Foul Ball, location: 2F
2-1: Swinging Strike
2-2: Ball
3-2: Strikes out swinging
Batting: LHB Kevin Bellman 0-0: Ball
1-0: Called Strike
1-1: Ball
2-1: Foul Ball, location: 2F
2-2: 2-RUN HOME RUN (Flyball, 9D, EV 103.1 MPH), Distance : 391 ft
Batting: LHB Per Meulengracht 0-0: Ball
1-0: Called Strike
1-1: Foul Ball, location: 2F
1-2: Ball
2-2: Ball
3-2: Foul Ball, location: 2F
3-2: Ground out 4-3 (Groundball, 4, EV 103.1 MPH)
Top of the 8th over - 2 runs, 1 hit, 0 errors, 0 left on base; San Diego 6 - Chicago 2
BOTTOM OF THE 8TH
Chicago Cubs batting - Pitching for San Diego Padres : RHP Raul Almonte
Batting: RHB Adam O'Hare 0-0: Foul Ball, location: 2F
0-1: Ball
1-1: Swinging Strike
1-2: Strikes out swinging
Batting: SHB Art Kent 0-0: Ball
1-0: Called Strike
1-1: Swinging Strike
1-2: Strikes out swinging
Batting: RHB Yasuhide Kasahara 0-0: Called Strike
0-1: Ball
1-1: SINGLE (Flyball, 9LS, EV 95.0 MPH)
Batting: RHB Josh Kalman 0-0: Fielders Choice at 2nd, U4 (Groundball, 4M, EV 87.5 MPH)
Bottom of the 8th over - 0 runs, 1 hit, 0 errors, 1 left on base; San Diego 6 - Chicago 2
TOP OF THE 9TH
San Diego Padres batting - Pitching for Chicago Cubs : RHP Yeong-kil Suck
Batting: LHB Mike Holt 0-0: Called Strike
0-1: Foul Ball, location: 2F
0-2: Fly out, F7 (Line Drive, 7, EV 90.6 MPH)
Batting: RHB Cesar Breceda 0-0: Called Strike
0-1: Foul Ball, location: 2F
0-2: Ball
1-2: Ball
2-2: Ball
3-2: Strikes out looking
Batting: SHB Jerry Luckwell 0-0: Called Strike
0-1: SINGLE (Groundball, 6S, EV 66.9 MPH) (infield hit)
Batting: LHB Andy Bowman 0-0: Swinging Strike
0-1: Ball
1-1: Ball
2-1: Called Strike
2-2: Foul Ball, location: 2F
2-2: Ball
3-2: Foul Ball, location: 2F
3-2: Base on Balls
Jerry Luckwell to second
Batting: RHB Alois Wollf 0-0: Called Strike
0-1: Foul Ball, location: 2F
0-2: Ball
1-2: Ball
2-2: Ball
3-2: Foul Ball, location: 2F
3-2: Strikes out swinging
Top of the 9th over - 0 runs, 1 hit, 0 errors, 2 left on base; San Diego 6 - Chicago 2
BOTTOM OF THE 9TH
Chicago Cubs batting - Pitching for San Diego Padres : RHP Raul Almonte
Batting: RHB Efrain Vargas 0-0: Called Strike
0-1: SINGLE (Line Drive, 89S, EV 93.8 MPH)
Batting: SHB Terry Tuckfard 0-0: SINGLE (Groundball, 3D, EV 104.4 MPH)
Efrain Vargas to second
Batting: LHB Kevin Norton 0-0: Foul Ball, location: 2F
0-1: Called Strike
0-2: Foul Ball, location: 2F
0-2: Ball
1-2: Grounds into double play, 3-6-3 (Groundball, 34, EV 96.9 MPH)
Efrain Vargas to third
Batting: RHB Elijah Campbell 0-0: Ball
1-0: Ball
2-0: Ball
3-0: Base on Balls
Pitching: LHP Tommy Hall
Batting: RHB Will Leslie 0-0: Called Strike
0-1: Ball
1-1: Ball
2-1: SINGLE (Line Drive, 89S, EV 108.8 MPH)
Efrain Vargas scores
Elijah Campbell to second
Batting: RHB Adam O'Hare 0-0: Ball
1-0: Ground out 4-3 (Groundball, 4, EV 103.8 MPH)
Bottom of the 9th over - 1 run, 3 hits, 0 errors, 2 left on base; San Diego 6 - Chicago 3
Thursday, March 31st , 2022 - OOTP Baseball 22.12 Build 89